cohdb
Replays
Latest Replays
All Replays
Popular Replays
Top Player Replays
Match Explorer
How It Works
Community
CoH3 Stats
Reddit
Sign in to upload your games and track your stats! →
Sign in with Steam
Match 46230737
Unlisted
Match 46230737
Overview
Messages
Build Orders
End
Pioneer Squad
Kettenkrad Recon Vehicle
Construct Infanterie Kompanie
Selects Terror Battlegroup
MG 42 Machine Gun Team
Grenadier Squad
Selects Machine Gun Camouflage
Grenadier Squad
Construct Luftwaffe Kompanie
Selects Interrogate
221 Scout Car
Jäger Squad
Medical Bunker
Flak 30 Anti-aircraft Gun Team
Support Elements
Wirbelwind Flakpanzer
Selects Defend the Fatherland
Wirbelwind Flakpanzer
Luftwaffe Officer Quarters
Pioneer Squad
Side Skirts
Jäger Squad
Marder III M Tank Destroyer
Jäger Squad
Selects King Tiger Heavy Tank
King Tiger Heavy Tank
Ares
RedLeaderToBase
CAuMOH
K̳itsuné
0
0
Comments
sign in to comment!
No comments posted yet!